 Dungeon Crawl Stone Soup version 0.20-a0-1006-ge6c5631 (console) character file.

5366 nht the Grappler (level 10, 0/77 HPs)
             Began as a Purple Draconian Transmuter on Apr 13, 2017.
             Was a High Priest of Dithmenos.
             Slain by a two-headed ogre
             ... wielding a +0 giant club
              (26 damage)
             ... on level 9 of the Dungeon.
             The game lasted 00:21:29 (8171 turns).

nht the Grappler (Purple Draconian Transmuter)      Turns: 8171, Time: 00:21:30

Health: 0/77       AC:  9    Str: 13    XL:     10   Next: 39%
Magic:  16/21      EV: 18    Int: 16    God:    Dithmenos [*****.]
Gold:   619        SH:  0    Dex: 12    Spells: 9/24 levels left

rFire    . . .     SeeInvis .     - Unarmed
rCold    . . .     Gourm    .   (shield currently unavailable)
rNeg     . . .     Faith    +   (armour unavailable)
rPois    .         Spirit   .   (helmet restricted)
rElec    .         Reflect  .   j - +1 cloak
rCorr    .         Harm     .   (gloves currently unavailable)
MR       +....                  (no boots)
Stlth    ++........             m - amulet of faith
Regen    0.3/turn               s - +5 ring of evasion
MPRegen  0.2/turn               (no ring)

@: short of breath, blade hands, wreathed by umbra
A: breathe power, unfitting armour, cold-blooded, AC +7
a: Breathe Dispelling Energy, End Transformation, Shadow Step, Shadow Form,
Renounce Religion


You were on level 9 of the Dungeon.
You worshipped Dithmenos.
Dithmenos was extremely pleased with you.
You were not hungry.
You had blades for hands.
You visited 1 branch of the dungeon, and saw 9 of its levels.

You collected 619 gold pieces.

Inventory:

Hand Weapons
 w - the +5 scythe "Finisher" {speed, Str+3}
   (You found it on level 8 of the Dungeon)

   Attacks with this weapon are significantly faster.
   It affects your strength (+3).
Missiles
 o - 227 stones (quivered)
Armour
 j - a +1 cloak (worn)
Magical Staves
 q - an uncursed staff of wizardry
Jewellery
 l - an uncursed ring of ice
 m - an amulet of faith (around neck)
 s - a +5 ring of evasion (left scythe-like blade)
Wands
 a - a wand of acid (0/15)
 t - a wand of clouds (2/9)
 v - a wand of disintegration (21/24)
Scrolls
 e - 4 scrolls of identify
 g - 3 scrolls of enchant armour
 i - 6 scrolls of teleportation
 x - a scroll of enchant weapon
 y - a scroll of blinking
Potions
 d - 3 potions of heal wounds
 k - a potion of curing
 u - 2 potions of might
Books
 b - a book of Changes

   Spells                             Type                      Level
   a - Beastly Appendage              Transmutation                1
   b - Sticks to Snakes               Transmutation                2
   c - Spider Form                    Transmutation/Poison         3
   d - Ice Form                       Ice/Transmutation            4
   e - Blade Hands                    Transmutation                5
 n - Secret Knowledge for Beginners
   (You found it on level 4 of the Dungeon)

   Spells                             Type                      Level
   a - Infusion                       Charms                       1
   b - Shock                          Conjuration/Air              1
   c - Sandblast                      Earth                        1
   d - Summon Small Mammal            Summoning                    1
   e - Beastly Appendage              Transmutation                1
 r - a book of Flames

   Spells                             Type                      Level
   a - Flame Tongue                   Conjuration/Fire             1
   b - Throw Flame                    Conjuration/Fire             2
   c - Conjure Flame                  Conjuration/Fire             3
   d - Inner Flame                    Hexes/Fire                   3
   e - Sticky Flame                   Conjuration/Fire             4
   f - Fireball                       Conjuration/Fire             5
   Dithmenos disapproves of the use of such an item.
Comestibles
 c - 11 bread rations
 f - 8 meat rations
 h - 12 fruits
 p - 5 royal jellies


   Skills:
 - Level 3.1 Fighting
 - Level 2.9 Dodging
 * Level 11.2 Unarmed Combat
 + Level 7.8 Spellcasting
 + Level 8.1 Transmutations


You had 9 spell levels left.
You knew the following spells:

 Your Spells              Type           Power        Failure   Level  Hunger
a - Beastly Appendage     Tmut           ####..       12%         1    None
b - Spider Form           Tmut/Pois      ###.......   41%         3    ##.....
c - Blade Hands           Tmut           ####......   50%         5    #####..
d - Infusion              Chrm           #...         54%         1    None
e - Sandblast             Erth           #.....       54%         1    None
f - Ice Form              Ice/Tmut       ###.....     63%         4    ####...


Dungeon Overview and Level Annotations

Branches:
Dungeon (9/15)             Temple (0/1) D:6            Lair (0/6) D:9
    Orc: D:9-12

Altars:
Dithmenos
Fedhas
Gozag
Nemelex Xobeh
Okawaru
Ru
Sif Muna
Trog
Xom
Zin

Shops:
D:4 (


Innate Abilities, Weirdness & Mutations

You can breathe bolts of dispelling energy.
Your rich purple scales are hard. (AC +7)
You cannot fit into any form of body armour.
You are cold-blooded and may be slowed by cold attacks.


Message History

Casting: Spider Form
Confirm with . or Enter, or press ? or * to list all spells.
Okay, then.
Press: ? - help, Shift-Dir - straight line, f - two-headed ogre
Aim: a two-headed ogre, wielding two giant clubs (umbra)
You breathe a bolt of dispelling energy.
The bolt of dispelling energy hits the two-headed ogre.
The two-headed ogre is moderately wounded.
You feel somewhat more hungry.
Casting: Spider Form
Confirm with . or Enter, or press ? or * to list all spells.
Your hands turn into razor-sharp scythe blades.
The two-headed ogre hits you with a giant club!!
You emit a cloud of dark smoke.
The two-headed ogre hits you with a giant club!
Unknown command.
You slice the two-headed ogre!!
The two-headed ogre is almost dead.
The two-headed ogre hits you with a giant club!!
You die... █.█.Y..t.l....... ..█.█...█████████ .█..t.███ .....██ █████████ ...███ █.......█ ████

█.......█ █
█.......█ █
█.§§....█
██.§@O...█
███████...........
........████......
█.█
██████.....███...)
█.█ ██.......██
... █.█
█.........█ .. █.█
█.........█ █ █.█
█.........█ █.█
█.........█ █.█


You could see a two-headed ogre.

Vanquished Creatures
  A two-headed ogre (D:8)
  A centaur zombie (D:9)
  The ghost of Duffy the Chopper, an amateur NaGl of Ru (D:4)
  A hippogriff (D:3)
  A yak (D:8)
  4 hogs (D:7)
  A human (D:7)
  2 sky beasts
  An ice beast (D:5)
  3 necrophages
  4 ogres
  4 centaurs
  4 bullfrogs
  2 wyvern zombies
  Blork the orc (D:5)
  A water moccasin skeleton (D:5)
  6 killer bees (D:8)
  5 wights (D:6)
  2 howler monkeys (D:5)
  A crimson imp (D:6)
  A hound (D:7)
  3 bullfrog zombies
  A gnoll shaman (D:5)
  2 jellies
  3 orc priests
  3 orc wizards
  A bullfrog skeleton (D:9)
  Terence (D:2)
  An iguana (D:9)
  3 worker ants
  A killer bee zombie (D:7)
  A worker ant zombie (D:8)
  2 howler monkey zombies
  13 gnolls
  9 adders
  A shadow imp (D:8)
  An adder zombie (D:6)
  An adder skeleton (D:9)
  4 worms
  4 leopard geckos
  40 orcs
  A ball python (D:4)
  2 giant cockroaches (D:3)
  10 goblins
  8 hobgoblins
  13 jackals
  9 kobolds
  2 quokkas
  7 bats
  4 frilled lizards
  A giant cockroach zombie (D:3)
  A jackal zombie (D:6)
  A leopard gecko skeleton (D:5)
  A quokka skeleton (D:8)
  8 rats
210 creatures vanquished.

Vanquished Creatures (others)
  7 bushes (D:7)
  11 plants (D:7)
18 creatures vanquished.

Grand Total: 228 creatures vanquished

Notes
Turn   | Place    | Note
-------+----------+-------------------------------------------
     0 | D:1      | nht the Draconian Transmuter began the quest for the Orb.
     0 | D:1      | Reached XP level 1. HP: 16/16 MP: 3/3
    74 | D:1      | Reached XP level 2. HP: 12/24 MP: 3/5
   400 | D:1      | Reached XP level 3. HP: 18/29 MP: 4/6
   768 | D:2      | Noticed Terence
   797 | D:2      | Killed Terence
   797 | D:2      | Reached XP level 4. HP: 5/36 MP: 5/7
  1371 | D:2      | Found a faded altar of an unknown god.
  1394 | D:2      | Became a worshipper of Dithmenos the Shadowed
  1394 | D:2      | Reached * piety under Dithmenos
  1473 | D:3      | Found a sparkling altar of Nemelex Xobeh.
  1566 | D:3      | Reached XP level 5. HP: 2/42 MP: 9/9
  1996 | D:3      | Reached skill level 4 in Unarmed Combat
  2012 | D:3      | Noticed a hippogriff
  2054 | D:4      | Learned a level 3 spell: Spider Form
  2060 | D:4      | Learned a level 5 spell: Blade Hands
  2191 | D:4      | Noticed an ogre
  2198 | D:4      | Killed an ogre
  2198 | D:4      | Reached XP level 6. HP: 51/51 MP: 6/10
  2281 | D:4      | Reached ** piety under Dithmenos
  2395 | D:4      | Found Owad Nai's Antique Weapon Shop.
  2481 | D:4      | Identified Secret Knowledge for Beginners
  2648 | D:4      | Noticed Duffy's ghost (amateur NaGl)
  2649 | D:4      | Reached skill level 5 in Unarmed Combat
  2698 | D:5      | Entered Level 5 of the Dungeon
  2698 | D:5      | Noticed a sky beast
  2706 | D:5      | Killed a sky beast
  2706 | D:5      | Your scales start taking on a rich purple colour.
  2706 | D:5      | Reached XP level 7. HP: 15/57 MP: 6/12
  2725 | D:5      | Learned a level 1 spell: Infusion
  2727 | D:5      | Learned a level 1 spell: Sandblast
  3120 | D:4      | Killed Duffy's ghost
  3120 | D:4      | Reached skill level 6 in Unarmed Combat
  3155 | D:4      | Found a bloodstained altar of Trog.
  3248 | D:3      | Killed a hippogriff
  3248 | D:3      | Reached skill level 7 in Unarmed Combat
  3248 | D:3      | Reached skill level 5 in Transmutations
  3248 | D:3      | Reached XP level 8. HP: 21/63 MP: 9/13
  4007 | D:5      | Noticed Blork the orc
  4014 | D:5      | Killed Blork the orc
  4068 | D:5      | Reached *** piety under Dithmenos
  4272 | D:5      | Found a sacrificial altar of Ru.
  4351 | D:5      | Reached skill level 8 in Unarmed Combat
  4398 | D:5      | Learned a level 4 spell: Ice Form
  4711 | D:6      | Found a staircase to the Ecumenical Temple.
  4823 | D:6      | Reached skill level 5 in Spellcasting
  5218 | D:6      | Reached XP level 9. HP: 46/69 MP: 15/17
  5385 | D:7      | Found a glowing silver altar of Zin.
  5513 | D:7      | Reached skill level 9 in Unarmed Combat
  5529 | D:7      | Reached **** piety under Dithmenos
  5675 | D:7      | Found a blossoming altar of Fedhas.
  5676 | D:7      | Found a deep blue altar of Sif Muna.
  5691 | D:7      | Found a shimmering altar of Xom.
  6490 | D:7      | Found a blossoming altar of Fedhas.
  6500 | D:7      | Reached skill level 10 in Unarmed Combat
  6900 | D:8      | Noticed a two-headed ogre
  6909 | D:8      | Killed a two-headed ogre
  6909 | D:8      | Reached XP level 10. HP: 47/77 MP: 13/21
  7091 | D:8      | Reached ***** piety under Dithmenos
  7247 | D:8      | Found an iron altar of Okawaru.
  7356 | D:8      | Found an opulent altar of Gozag.
  7859 | D:9      | Found a staircase to the Lair.
  7881 | D:9      | Reached skill level 11 in Unarmed Combat
  8164 | D:9      | Noticed a two-headed ogre
  8171 | D:9      | Slain by a two-headed ogre

Vault maps used:
D:1:      minmay_arrival_split_and_join, serial_bayou_lake_a
D:2:      first_bread, chequers_ecumenical_altar_island, uniq_terence
D:3:      nemelex_xobeh_ov_fountains_minmay, minmay_divided_ellipse
D:4:      lemuel_coloured_pillars_altar, serial_shops, kennysheep_mini
D:5:      nicolae_ru_the_path_less_chosen, uniq_blork_the_orc
D:6:      minmay_temple_entry_steel_oval
D:7:      grunt_temple_overflow_open, zin_academy, grunt_livestock,
          dk_noncrumbling_2, fedhas_altar_decomposition
D:8:      nicolae_gozag_cash_rules_everything_around_me,
          nicolae_overflow_crystal_walls, serial_corexii_hall,
          corexii_hall_statues_x, corexii_hall_statues_i
D:9:      minmay_lair_entry_grove, orc_0_dummy

Skill      XL: |  1  2  3  4  5  6  7  8  9 10 |
---------------+-------------------------------+-----
Dodging        | 2 |  2.9
Fighting       | 2 3 |  3.1
Transmutations | 3 4 5 6 7 8 |  8.1
Unarmed Combat | 4 5 7 8 10 11 | 11.2
Spellcasting   | 3 5 7 |  7.8

Action                   |  1- 3 |  4- 6 |  7- 9 | 10-12 || total
-------------------------+-------+-------+-------+-------++-------
Melee: Unarmed           |   111 |   186 |   418 |    43 ||   758
       Kick              |     6 |     8 |     1 |       ||    15
       Tailslap          |     8 |     9 |    28 |    10 ||    55
       Headbutt          |     6 |     4 |       |       ||    10
       Punch             |     1 |     2 |     6 |     4 ||    13
       Staff             |       |       |    44 |    44 ||    88
 Cast: Beastly Appendage |    20 |     6 |     2 |       ||    28
       Spider Form       |       |     4 |    17 |     2 ||    23
       Sandblast         |       |       |    47 |       ||    47
       Infusion          |       |       |     2 |       ||     2
       Ice Form          |       |       |     1 |     1 ||     2
       Blade Hands       |       |       |       |     1 ||     1
 Abil: Breathe Dispellin |       |       |    26 |     3 ||    29
Evoke: Wand              |       |       |     2 |     6 ||     8
  Use: Potion            |       |     6 |       |       ||     6
       Scroll            |       |       |     9 |       ||     9
 Stab: Sleeping          |     1 |     4 |     1 |       ||     6
  Eat: Chunk             |       |     6 |    20 |     5 ||    31
       Fruit             |       |       |     1 |       ||     1
Armor: Skin              |    22 |    42 |    65 |    15 ||   144
Dodge: Dodged            |    47 |   137 |   386 |   114 ||   684
